Map: Lerilak Crest

Players

NightEnD

  • Race: Protoss Protoss
  • League: Master

SolaCe (Nina) - Winner!

  • Race: Protoss Protoss
  • League: Master

Event: ASL Season 5 Prime League LOTV Beta

VOD

Have the link to the VOD?

Description

Time

  • Played on: Oct. 2, 2015, midnight
  • Length: 10:29

All games in this series

Show
View Real Time Build Order
Export as new Build Order

NightEnD Protoss 

Build Orders: Dark Templar Rush 

Get SALT Encoding   

  12  0:00  Probe (Chrono Boost)  
  13  0:10  Probe (Chrono Boost)  
  14  0:17  Pylon  
  14  0:20  Probe (Chrono Boost)  
  15  0:35  Probe (Chrono Boost)  
  16  0:37  Gateway  
  16  0:44  Probe (Chrono Boost)  
  16  0:48  Assimilator  
  17  0:54  Probe (Chrono Boost)  
  18  0:57  Assimilator  
  18  1:04  Probe (Chrono Boost)  
  19  1:14  Probe (Chrono Boost)  
  20  1:24  Probe (Chrono Boost)  
  20  1:25  Cybernetics Core  
  21  1:29  Pylon  
  21  1:33  Pylon  
  21  1:34  Probe (Chrono Boost)  
  22  1:44  Probe (Chrono Boost)  
  23  1:54  Probe (Chrono Boost)  
  24  2:01  Twilight Council  
  24  2:04  Mothership Core (Chrono Boost)  
  26  2:10  Stalker  
  26  2:14  Warp Gate (Chrono Boost)  
  28  2:21  Probe (Chrono Boost)  
  29  2:31  Probe (Chrono Boost)  
  30  2:47  Dark Shrine  
  30  2:54  Nexus  
  30  3:09  Gateway  
  30  3:15  Robotics Facility  
  30  3:25  Gateway  
  30  3:31  Pylon  
  30  3:37  Probe  
  31  3:43  Pylon  
  31  3:50  Probe  
  32  4:02  Observer (Chrono Boost)  
  32  4:08  Dark Templar x2  
  37  4:10  Probe  
  37  4:11  Probe  
  39  4:17  Pylon  
  39  4:20  Stalker  
  39  4:22  Probe  
  41  4:32  Pylon  
  41  4:41  Warp Prism (Chrono Boost)  
  43  4:59  Adept  
  45  5:01  Adept x2  
  49  5:10  Immortal (Chrono Boost)  
  53  5:22  Sentry  
  53  5:25  Adept x2  
  51  5:39  Pylon  
  50  6:05  Adept x3  
  46  6:27  Adept x3  
  52  6:41  Gateway  
  52  6:42  Gateway  
  52  6:49  Adept x3  
  58  7:11  Adept x3  
  64  7:32  Adept x2  
  64  7:33  Adept  
  70  7:40  Dark Templar  
  54  8:00  Adept x3  
  54  8:01  Adept  
  56  8:21  Dark Templar  
  58  8:58  Adept x2  
  58  8:59  Adept x3  
  56  9:21  Adept x2  
Show
View Real Time Build Order
Export as new Build Order

SolaCe Protoss - Winner!

Build Orders: Mass Adepts 

Get SALT Encoding   

  12  0:00  Probe (Chrono Boost)  
  13  0:10  Probe (Chrono Boost)  
  14  0:18  Pylon  
  14  0:21  Probe (Chrono Boost)  
  15  0:35  Probe (Chrono Boost)  
  15  0:38  Gateway  
  16  0:45  Probe (Chrono Boost)  
  16  0:47  Assimilator  
  17  0:54  Assimilator  
  17  0:55  Probe (Chrono Boost)  
  18  1:05  Probe (Chrono Boost)  
  19  1:15  Probe (Chrono Boost)  
  20  1:25  Probe (Chrono Boost)  
  20  1:26  Cybernetics Core  
  21  1:35  Probe (Chrono Boost), Pylon  
  22  1:45  Probe (Chrono Boost)  
  23  1:55  Probe (Chrono Boost)  
  23  2:01  Warp Gate (Chrono Boost)  
  24  2:03  Robotics Facility  
  24  2:05  Probe (Chrono Boost)  
  24  2:06  Adept  
  27  2:17  Mothership Core  
  29  2:24  Pylon  
  29  2:33  Adept  
  31  2:48  Immortal (Chrono Boost)  
  31  2:49  Gateway  
  35  2:55  Gateway  
  35  3:08  Gateway  
  35  3:21  Immortal (Chrono Boost)  
  35  3:26  Pylon  
  39  3:34  Pylon  
  39  3:53  Warp Prism (Chrono Boost)  
  41  4:03  Sentry x3  
  47  4:18  Adept  
  47  4:21  Pylon  
  47  4:24  Pylon  
  49  4:29  Adept x3  
  55  4:38  Observer (Chrono Boost)  
  56  4:47  Adept  
  58  4:55  Adept x3  
  58  4:59  Observer (Chrono Boost)  
  65  5:19  Stalker x2  
  69  5:47  Observer (Chrono Boost)  
  66  5:52  Probe  
  66  5:54  Stalker x2  
  71  6:36  Pylon x2  
  71  6:38  Pylon  
  71  6:48  Nexus  
  71  6:52  Pylon  
  71  6:54  Probe  
  71  6:56  Pylon  
  71  6:59  Pylon  
  72  7:03  Twilight Council  
  72  7:06  Probe  
  73  7:14  Sentry  
  75  7:17  Zealot x3  
  75  7:18  Probe  
  82  7:31  Pylon  
  82  7:38  Adept x3  
  82  7:39  Adept  
  82  8:00  Sentry  
  82  8:03  Sentry  
  84  8:11  Adept  
  86  8:19  Nexus  
  84  8:28  Blink (Chrono Boost)  
  80  8:50  Pylon  
  80  9:08  Sentry  
  80  9:10  Adept  
  80  9:11  Adept  
  74  9:29  Observer  
  75  9:37  Adept x2  
  71  9:45  Sentry  
Tags
 
Add a new tag
Caveats
  • Supply blocks, unpowered buildings, or Contaminate may cause inaccurate times.
  • Supply counts are checked every 10 seconds.